[Event "Late-Titled-Tuesday-Blitz-December-26-2023"]
[Site "Chess.com"]
[Date "2023.12.26"]
[Round "1"]
[White "Genghis_K"]
[Black "cthulhuuu"]
[Result "1-0"]
[WhiteElo "2856"]
[BlackElo "2464"]
[TimeControl "180+1"]
[EndTime "14:06:18 PST"]
[Termination "Genghis_K won on time"]

1. e4 d6 2. d4 Nf6 3. Nc3 c6 4.
f4 Qb6 5. Nf3 Bg4 6. a3 e6 7. h3 Bxf3 8. Qxf3 d5 9. e5 Nfd7 10. g4 c5 11. dxc5 Bxc5 12. b4 Bd4 13. Bb2 Nc6 14. O-O-O Rc8 15. Kb1 Nxb4 16. Na4 Qc6 17. Rxd4 Qxc2+ 18. Ka1 Nc6 19. Qd1 Nxd4 20. Qxd4 Nc5 21. Bb5+ Ke7 22. Nxc5 Qxc5 23. Qxc5+ Rxc5 24. a4 Rc2 25. Ba3+ Kd8 26. Kb1 Rf2 27. Bc5 Rxf4 28. Bxa7 Kc7 29. Rc1+ 1-0

[Event "Late-Titled-Tuesday-Blitz-December-26-2023"]
[Site "Chess.com"]
[Date "2023.12.26"]
[Round "1"]
[White "2346PL"]
[Black "olawsson"]
[Result "1-0"]
[WhiteElo "2540"]
[BlackElo "2152"]
[TimeControl "180+1"]
[EndTime "14:06:19 PST"]
[Termination "2346PL won on time"]

1. d4 d6 2. e4 Nc6 3. d5 Nb8 4. c4 c6 5. Nc3 g6 6. f4 Bg7 7.
Nf3 e6 8. Be2 exd5 9. cxd5 Qb6 10. dxc6 Nxc6 11. Nd5 Qd8 12. O-O Nge7 13. Rb1 O-O 14.
b4 Nxd5 15. Qxd5 Be6 16. Qd2 Qb6+ 17. Kh1 Nd4 18. Nxd4 Qxd4 19. Qxd4 Bxd4 20. Rd1 Bc3 21. Bd2 Bg7 22. a3 Rfc8 23. Bd3 Ba2 24. Rbc1 Bb2 25. Rxc8+ Rxc8 26. a4 Bb3 27. Rb1 Bc2 28. Rxb2 Bxd3 29.
e5 dxe5 30. fxe5 a6 31. Kg1 Rc4 32. Kf2 Re4 33. Bc3 Kf8 34. Rd2 1-0

[Event "Late-Titled-Tuesday-Blitz-December-26-2023"]
[Site "Chess.com"]
[Date "2023.12.26"]
[Round "1"]
[White "Schattman"]
[Black "js20000"]
[Result "0-1"]
[WhiteElo "2448"]
[BlackElo "2802"]
[TimeControl "180+1"]
[EndTime "14:06:23 PST"]
[Termination "js20000 won on time"]

1. d4 d5 2. Nf3 Nf6 3. Bf4 c5 4. e3 Nc6 5. Nbd2 cxd4 6. exd4 Qb6 7. Nb3 Bg4 8. Be2 e6 9. O-O Be7 10. c3 a5 11. a4 O-O 12. h3 Bh5 13. Re1 Ne4 14. Ne5 Bh4 15. g3 Bxe2 16. Rxe2 Nxe5 17. Bxe5 f6 18. Bf4 Bg5 19. Bxg5 Nxg5 20. h4 Ne4 21. Nc5 Nxc5 22. dxc5 Qc6 23. Qd3 Rfe8 24. Rae1 e5 25. Qb5 Rec8 26. b4 axb4 27. cxb4 Rxa4 28. Qxc6 bxc6 29. Rb2 Rb8 30. Reb1 Rb5 31. Kf1 Kf7 32. Kg2 Ke6 33. Kf3 d4 34. Ke4 Ra3 35. Rb3 Rxb4 36. Rxa3 Rxb1 37. Ra6 Re1+ 38. Kf3 Kd5 39. Ra7 d3 0-1

[Event "Late-Titled-Tuesday-Blitz-December-26-2023"]
[Site "Chess.com"]
[Date "2023.12.26"]
[Round "1"]
[White "greekplayer1"]
[Black "DinaBelenkaya"]
[Result "1-0"]
[WhiteElo "2714"]
[BlackElo "2404"]
[TimeControl "180+1"]
[EndTime "14:06:27 PST"]
[Termination "greekplayer1 won by resignation"]

1. e4 c6 2. d4 d5 3. exd5 cxd5 4. Bd3 Nc6 5. c3 Nf6 6. h3 Qc7 7. Nf3 g6 8. O-O Bf5 9. Na3 a6 10.
Nc2 Bxd3 11. Qxd3 Bg7 12. Bg5 O-O 13. Ne3 Rad8 14. Bxf6 exf6 15. Rfe1 f5 16. Re2 h5 17.
Rae1 Na5 18. Nxf5 gxf5 19. Qxf5 Qd6 20. Qxh5 Qg6 21. Qh4 Nc6 22. Re3 Rd6 23. Ng5 Qh6 24. Qg4 Rg6 25. Rg3 Nd8 26. Qf5 Qh5 27. Qxd5 Ne6 28.
h4 Nxg5 29. hxg5 b5 30. f4 Qh4 31. Qf3 Re6 32. Rf1 Qh7 33. f5 Ree8 34. Rh3 1-0

[Event "Late-Titled-Tuesday-Blitz-December-26-2023"]
[Site "Chess.com"]
[Date "2023.12.26"]
[Round "1"]
[White "Elsa167"]
[Black "a-z30"]
[Result "1-0"]
[WhiteElo "2981"]
[BlackElo "2499"]
[TimeControl "180+1"]
[EndTime "14:06:29 PST"]
[Termination "Elsa167 won by resignation"]

1. d4 d6 2. e4 Nf6 3. f3 g6 4.
c4 Bg7 5. Nc3 O-O 6. Bg5 c5 7. d5 e6 8. Qd2 a6 9. a4 h6 10. Be3 exd5 11. cxd5 Nbd7 12. Nh3 h5 13. Be2 Ne5 14. Nf2 h4 15. O-O Rb8 16. Bh6 c4 17. Bxg7 Kxg7 18. f4 Neg4 19. Bxg4 Nxg4 20. Nxg4 Bxg4 21. f5 gxf5 22. exf5 Qf6 23. Ne4 Qh6 24. Qd4+ f6 25. Nxd6 Qg5 26. Rae1 Rbd8 27. Re7+ Kh6 28. Ne4 Qh5 29. Qe3+ 1-0

[Event "Late-Titled-Tuesday-Blitz-December-26-2023"]
[Site "Chess.com"]
[Date "2023.12.26"]
[Round "1"]
[White "nickmatta"]
[Black "enriquetejedor"]
[Result "0-1"]
[WhiteElo "2431"]
[BlackElo "2753"]
[TimeControl "180+1"]
[EndTime "14:06:29 PST"]
[Termination "enriquetejedor won by resignation"]

1. Nf3 d5 2. g3 Nf6 3. Bg2 Bf5 4.
O-O e6 5. d3 Be7 6. Nh4 Bg6 7.
Nxg6 hxg6 8. e4 O-O 9. Nc3 c6 10. h4 a5 11. Qe2 a4 12. e5 Nfd7 13. h5 gxh5 14. Qxh5 g6 15. Qe2 a3 16. b3 Kg7 17.
Bd2 Na6 18. Rae1 Nb4 19. Qd1 Rh8 20. Ne2 Nxa2 21. c3 Nxe5 22. Qc2 Rh7 23. Qxa2 Nxd3 24. Ra1 Qh8 25. c4 Bf6 26. Bc3 Bxc3 27. Nxc3 Rh5 28. Qd2 Ne5 29. Qd4 f6 30. f4 Ng4 31. Rfe1 Re8 32.
cxd5 cxd5 33. f5 gxf5 34. Nb5 Kg6 35. Nd6 e5 36. Qxd5 Re7 37. Nxf5 Rh1+ 38. Bxh1 Qh2+ 0-1

[Event "Late-Titled-Tuesday-Blitz-December-26-2023"]
[Site "Chess.com"]
[Date "2023.12.26"]
[Round "1"]
[White "TanitoluwaAps116"]
[Black "kasparicy"]
[Result "1-0"]
[WhiteElo "2744"]
[BlackElo "2433"]
[TimeControl "180+1"]
[EndTime "14:06:29 PST"]
[Termination "TanitoluwaAps116 won by resignation"]

1. e4 c5 2. Nf3 d6 3. Bb5+ Nd7 4. c3 e6 5. d4 Nf6 6. e5 Nd5 7. O-O cxd4 8. cxd4 dxe5 9. Nxe5 Bd6 10. Nc3 O-O 11.
Re1 Nxc3 12. bxc3 Nxe5 13. dxe5 Bc5 14. Qg4 Kh8 15. Be3 Qe7 16. Rad1 a6 17. Bd3 Bd7 18. Bg5 f6 19. Qh5 g6 20. Bxf6+ Rxf6 21. exf6 Bxf2+ 22.
Kxf2 Rf8 23. Qe5 Bc6 24. f7+ 1-0

[Event "Late-Titled-Tuesday-Blitz-December-26-2023"]
[Site "Chess.com"]
[Date "2023.12.26"]
[Round "1"]
[White "IgorBjelobrk"]
[Black "vladoboch"]
[Result "0-1"]
[WhiteElo "2670"]
[BlackElo "2400"]
[TimeControl "180+1"]
[EndTime "14:06:31 PST"]
[Termination "vladoboch won by checkmate"]

1. d4 Nf6 2. c4 g6 3. Nc3 Bg7 4. e4 d6 5. h3 O-O 6. Be3 e5 7. d5 c6 8. g4 cxd5 9. cxd5 a6 10.
Nge2 b5 11. Ng3 Nbd7 12. Be2 Nb6 13. b3 Bd7 14. Rc1 Rc8 15. Qd2 b4 16. Nd1 Rxc1 17.
Qxc1 Qb8 18. O-O Rc8 19. Qd2 a5 20. Nb2 h5 21. gxh5 Bxh3 22. Rc1 Rxc1+ 23. Qxc1 gxh5 24. Bxh5 Nxh5 25. Nxh5 Qd8 26. Bxb6 Qh4 27. Ng3 Bh6 28. Qd1 Bf4 29. Qf3 Bg4 30. Qg2 Bh3 31. Qh2 Qg4 32.
Bxa5 Bc1 33. f3 Be3+ 34. Kh1 Qxf3+ 35. Qg2 Qxg2# 0-1

[Event "Late-Titled-Tuesday-Blitz-December-26-2023"]
[Site "Chess.com"]
[Date "2023.12.26"]
[Round "1"]
[White "Kleyton_Lima"]
[Black "marvinguevara"]
[Result "1-0"]
[WhiteElo "2568"]
[BlackElo "2226"]
[TimeControl "180+1"]
[EndTime "14:06:32 PST"]
[Termination "Kleyton_Lima won on time"]

1. d4 f5 2. g3 Nf6 3. Bg2 g6 4. Nf3 Bg7 5. c4 O-O 6. O-O d6 7. d5 Na6 8. Nd4 Qe8 9. Nc3 Nc5 10. b3 Bd7 11. Bb2 c6 12. dxc6 bxc6 13. Qc2 e5 14. Nf3 e4 15. Nd4 e3 16. f4 Ng4 17. Nf3 a5 18. h3 Nf2 19. Nd1 Bxb2 20. Qxb2 Nfe4 21. Kh2 Qf7 22. Nxe3 Rae8 23. Nc2 h6 24. Rad1 Qe7 25. Qd4 g5 26. Nd2 gxf4 27. Rxf4 Qg5 28. Nxe4 Nxe4 29. Bxe4 Rxe4 30. Rxe4 fxe4 31. Rg1 Qg6 32. Rg2 Qe6 33. Kg1 Qxh3 34. Qxe4 Qg4 35. Qxg4+ Bxg4 36. Ne3 Be6 37. Rf2 1-0

[Event "Late-Titled-Tuesday-Blitz-December-26-2023"]
[Site "Chess.com"]
[Date "2023.12.26"]
[Round "1"]
[White "NovakRatko"]
[Black "chenxiaoyuer"]
[Result "1-0"]
[WhiteElo "2439"]
[BlackElo "2724"]
[TimeControl "180+1"]
[EndTime "14:06:34 PST"]
[Termination "NovakRatko won by checkmate"]

1. d4 Nf6 2. c4 g6 3. Nc3 Bg7 4. e4 d6 5. f3 O-O 6. Be3 c5 7. dxc5 dxc5 8. Qxd8 Rxd8 9. Bxc5 Nc6 10. Nd5 Nd7 11.
Nxe7+ Nxe7 12. Bxe7 Bxb2 13. Bxd8 Bxa1 14. Bg5 Ne5 15. Kf2 Be6 16. Nh3 Rc8 17. Nf4 Bd4+ 18. Kg3 Bxc4 19. Bxc4 Nxc4 20. Nd5 Kf8 21. Rc1 b5 22. a4 a6 23. axb5 axb5 24. h4 b4 25. Be3 Bxe3 26. Nxe3 Nd6 27. Rb1 Rb8 28. Rb3 Ke7 29.
Rxb4 Rxb4 30. Nd5+ Ke6 31. Nxb4 f5 32. Kf4 fxe4 33. fxe4 h6 34. Nc6 Nf7 35. Nd4+ Kf6 36. Nf3 g5+ 37. hxg5+ hxg5+ 38. Kg4 Nh6+ 39. Kh5 Nf7 40. g3 Nd8 41. Nxg5 Nc6 42. Nf3 Nb4 43. g4 Nd3 44. g5+ Ke6 45. Kh6 Nf2 46. e5 Ng4+ 47. Kg7 Kf5 48. g6 Ke6 49. Kf8 Nxe5 50. Nxe5 Kf6 51.
g7 Kxe5 52. g8=Q Kd4 53. Qg5 Kc3 54. Ke7 Kb2 55. Kd6 Ka1 56. Qg2 Kb1 57. Kc5 Ka1 58. Kb5 Kb1 59. Kc4 Ka1 60. Kc3 Kb1 61. Qb2# 1-0

[Event "Late-Titled-Tuesday-Blitz-December-26-2023"]
[Site "Chess.com"]
[Date "2023.12.26"]
[Round "1"]
[White "nindjaxx8"]
[Black "BestestBP"]
[Result "1-0"]
[WhiteElo "2552"]
[BlackElo "2198"]
[TimeControl "180+1"]
[EndTime "14:06:40 PST"]
[Termination "nindjaxx8 won on time"]

1. d4 Nf6 2. c4 e6 3. Nc3 Bb4 4. Nf3 c5 5. e3 O-O 6. Be2 d5 7.
O-O dxc4 8. Bxc4 Nc6 9. dxc5 Bxc5 10. Qe2 Qe7 11. b3 e5 12. Bb2 e4 13. Nd2 Bg4 14. Qe1 Rfd8 15. h3 Bh5 16. Ne2 Nb4 17. Qc1 Bxe2 18.
Bxe2 Nd3 19. Bxd3 Rxd3 20. Bxf6 gxf6 21. Nxe4 Qxe4 22. Qxc5 Rd5 23. Qc7 Rg5 24. g3 h5 25.
Qf4 Qg6 26. Kh2 Re8 27. Rad1 Kg7 28. Rd4 Qc2 29. Kg1 Qc8 30. h4 Rg4 31. Qd6 Rg6 32.
Rfd1 Qh3 33. Qc7 Rxe3 34. R4d3 Re2 35. Rd7 Kh6 36. Rxf7 1-0

[Event "Late-Titled-Tuesday-Blitz-December-26-2023"]
[Site "Chess.com"]
[Date "2023.12.26"]
[Round "1"]
[White "Alex_Banzea"]
[Black "Maect19"]
[Result "1-0"]
[WhiteElo "2649"]
[BlackElo "2349"]
[TimeControl "180+1"]
[EndTime "14:06:41 PST"]
[Termination "Alex_Banzea won by resignation"]

1. d4 d5 2. Nc3 Nf6 3. Bf4 e6 4. Nb5 Na6 5. e3 c6 6. Nc3 Nc7 7. Nf3 Bd6 8. Ne5 Qe7 9. Bd3 Nd7 10. Qg4 Bxe5 11. dxe5 O-O 12. O-O-O f5 13. exf6 Nxf6 14. Qg3 Nce8 15. Be5 Nd7 16. f4 Nxe5 17. fxe5 b6 18. h4 Bb7 19. h5 Nc7 20. Rh4 Rf7 21. Bg6 Rff8 22. Rg4 Nb5 23. Nxb5 cxb5 24. h6 hxg6 25.
Rxg6 Rf7 26. Rd4 Kh8 27. hxg7+ Rxg7 28. Rh4+ Kg8 29. Rxg7+ Qxg7 30. Rg4 Qxg4 31. Qxg4+ Kf7 32. Qh5+ Kg7 33. Qg5+ Kh8 34. Qf6+ Kh7 35. Qf7+ 1-0

[Event "Late-Titled-Tuesday-Blitz-December-26-2023"]
[Site "Chess.com"]
[Date "2023.12.26"]
[Round "1"]
[White "sofaceindisguise"]
[Black "micke12a"]
[Result "1-0"]
[WhiteElo "2722"]
[BlackElo "2409"]
[TimeControl "180+1"]
[EndTime "14:06:43 PST"]
[Termination "sofaceindisguise won by resignation"]

1. d4 Nf6 2. c4 e6 3. Nc3 d5 4.
cxd5 Nxd5 5. e3 c5 6. Bc4 Nb6 7.
Bb5+ Bd7 8. Bd3 cxd4 9. exd4 Nc6 10. Nf3 Nb4 11. Bb1 N4d5 12. O-O Be7 13. Ne5 Bf6 14. Ne4 Qe7 15. Qf3 Rc8 16. a3 Nc4 17. Qg3 g6 18.
Nxf6+ Nxf6 19. b3 Nxe5 20. dxe5 Nd5 21. Bh6 Rc3 22. Qg4 Bb5 23. Rd1 Rxb3 24. a4 Rb4 25. Qg3 Rxa4 26. Rxa4 Bxa4 27. Rc1 Bc6 28. h4 a5 29. Be4 Kd7 30. Bg5 Qb4 31. Qf3 Ke8 32. Bxd5 exd5 33. Qf6 1-0

[Event "Late-Titled-Tuesday-Blitz-December-26-2023"]
[Site "Chess.com"]
[Date "2023.12.26"]
[Round "1"]
[White "rdarruda"]
[Black "frequentblunders"]
[Result "1-0"]
[WhiteElo "2538"]
[BlackElo "2132"]
[TimeControl "180+1"]
[EndTime "14:06:43 PST"]
[Termination "rdarruda won by resignation"]

1. d4 e6 2. e4 c5 3. d5 exd5 4.
exd5 d6 5. Nf3 f5 6. Nc3 Nf6 7. Bg5 Be7 8. Bd3 O-O 9. O-O h6 10. Bd2 Nbd7 11. Re1 Nb6 12. a4 a5 13. h3 c4 14. Bf1 Qc7 15. Be3 Nbd7 16. Nd4 Ne5 17. f4 Nf7 18. Qe2 Bd7 19. Qxc4 Qxc4 20. Bxc4 Rac8 21.
Bb3 Rxc3 22. bxc3 Ne4 23. Ne6 Rc8 24. Bd4 Bf6 25. Re3 Nxc3 26. Bxf6 gxf6 27. Rg3+ Kh8 28. Re1 Nxa4 29. Ra1 Nc5 30. Rxa5 Nxb3 31. Rxb3 Rxc2 32.
Rxb7 Bxe6 33. dxe6 Nd8 34. Ra8 1-0

[Event "Late-Titled-Tuesday-Blitz-December-26-2023"]
[Site "Chess.com"]
[Date "2023.12.26"]
[Round "1"]
[White "INLOVEWITHF"]
[Black "MikeSailer"]
[Result "1-0"]
[WhiteElo "2547"]
[BlackElo "2182"]
[TimeControl "180+1"]
[EndTime "14:06:45 PST"]
[Termination "INLOVEWITHF won on time"]

1. e4 d5 2. exd5 Qxd5 3. Nc3 Qd6 4. d4 c6 5. Nf3 Nf6 6. h3 Bf5 7. Ne5 Nbd7 8. f4 e6 9. g4 Be4 10. Nxe4 Nxe4 11. Bg2 Nef6 12. O-O Be7 13. c4 O-O 14. Be3 Rad8 15. Qc2 Qc7 16. Nd3 b6 17. b4 c5 18.
dxc5 bxc5 19. b5 Nb6 20. Ne5 Nfd7 21. Nc6 Rde8 22. a4 Bf6 23. Rad1 Nb8 24. a5 N6d7 25. g5 Bd4 26. Nxd4 cxd4 27. Bxd4 Nc5 28. Qc3 Nbd7 29. Bxg7 Na4 30. Qa1 Qxc4 31. Rxd7 Qc5+ 32. Kh2 Qxb5 33. Bh8 e5 34. Rd5 Qe2 35. Rxe5 Rxe5 36. Bxe5 Nc5 37. Bh8 f6 38. Bxf6 1-0

[Event "Late-Titled-Tuesday-Blitz-December-26-2023"]
[Site "Chess.com"]
[Date "2023.12.26"]
[Round "1"]
[White "CarlosjPineror"]
[Black "DuleMudule"]
[Result "0-1"]
[WhiteElo "2491"]
[BlackElo "2918"]
[TimeControl "180+1"]
[EndTime "14:06:47 PST"]
[Termination "DuleMudule won on time"]

1. e4 c5 2. Nf3 Nc6 3. c4 e6 4. d4 cxd4 5. Nxd4 Qc7 6. a3 a6 7.
Be3 Nf6 8. Nc3 h5 9. h3 Ne5 10. Rc1 Ng6 11. Qd2 h4 12. Be2 b6 13. f4 Bb7 14.
Bf3 Nh5 15. Nce2 Bd6 16. e5 Be7 17. O-O Bxf3 18. Nxf3 f5 19. b4 O-O 20. Rfd1 Rfd8 21. c5 b5 22. Qe1 a5 23. Nfd4 axb4 24. axb4 Qb7 25. Qf2 Ra3 26. Rc3 Rda8 27. Rdc1 Rxc3 28. Rxc3 Ra2 29. Qf3 Qxf3 30. gxf3 Rb2 31. Rb3 Ra2 32.
Nc3 Ra1+ 33. Rb1 Ra8 34. Nce2 Ra2 35. Kf2 Nhxf4 36. Bxf4 Nxf4 37. Rc1 Nxh3+ 38. Ke1 Bg5 39. Rc2 Ra1+ 0-1

[Event "Late-Titled-Tuesday-Blitz-December-26-2023"]
[Site "Chess.com"]
[Date "2023.12.26"]
[Round "1"]
[White "JuniorJumper"]
[Black "frederiksvane"]
[Result "0-1"]
[WhiteElo "2496"]
[BlackElo "2971"]
[TimeControl "180+1"]
[EndTime "14:06:49 PST"]
[Termination "frederiksvane won on time"]

1. b3 d5 2. Bb2 Bg4 3. g3 e6 4.
Bg2 Nf6 5. Nf3 Nbd7 6. O-O Be7 7. d3 O-O 8. Nbd2 a5 9. a4 c6 10. h3 Bh5 11. e4 h6 12. Qe2 Qc7 13. e5 Nh7 14. g4 Bg6 15. Nh2 Rae8 16. f4 f6 17. f5 Bf7 18. fxe6 Bxe6 19. Ndf3 fxe5 20. Nxe5 Bd6 21.
Nhf3 Bxg4 22. hxg4 Nxe5 23. Nxe5 Bxe5 24. Rxf8+ Nxf8 25. Bxe5 Rxe5 26. Qf2 Qe7 27. Bf3 Nh7 28. Rf1 Ng5 29. Bg2 Re2 30. Qf5 Qe3+ 31. Kh1 Qe6 32. Qf4 Kh7 33. c3 Re1 34. Rxe1 Qxe1+ 35. Kh2 Qxc3 36. Qf5+ g6 37. Qd7+ Qg7 38. Qd8 Ne6 39. Qxa5 Qe5+ 40. Kh1 Qa1+ 41. Kh2 Qe5+ 42. Kh1 Nf4 43.
Qb4 h5 44. Qxb7+ Kh6 45. Qxc6 Qe1+ 46. Kh2 Qf2 0-1

[Event "Late-Titled-Tuesday-Blitz-December-26-2023"]
[Site "Chess.com"]
[Date "2023.12.26"]
[Round "1"]
[White "AljoschaFeuerstack"]
[Black "UK_23"]
[Result "1-0"]
[WhiteElo "2672"]
[BlackElo "2364"]
[TimeControl "180+1"]
[EndTime "14:06:49 PST"]
[Termination "AljoschaFeuerstack won by resignation"]

1. e4 e5 2. Bc4 Nf6 3. d3 Nc6 4. Nc3 Bb4 5. Ne2 d5 6. exd5 Nxd5 7. O-O Nxc3 8. bxc3 Bd6 9. f4 exf4 10. Nxf4 O-O 11.
d4 Bf5 12. Qh5 Qd7 13. Nd5 Bg6 14. Qg5 Rae8 15. a4 a6 16. Rb1 Nd8 17. h4 Ne6 18.
Qg4 h5 19. Qf3 Qxa4 20. Bb3 Qd7 21. Bh6 c6 22. Nf6+ gxf6 23. Qxf6 Qe7 24. Bxf8 Rxf8 25.
Qf2 Kg7 26. Rbe1 Qd7 27. Qf6+ Kg8 28. Rxe6 fxe6 29. Bxe6+ Qxe6 30. Qxe6+ 1-0

[Event "Late-Titled-Tuesday-Blitz-December-26-2023"]
[Site "Chess.com"]
[Date "2023.12.26"]
[Round "1"]
[White "rhungaski"]
[Black "Dewarfd"]
[Result "0-1"]
[WhiteElo "2474"]
[BlackElo "2123"]
[TimeControl "180+1"]
[EndTime "14:06:49 PST"]
[Termination "Dewarfd won on time"]

1. b3 e6 2. Bb2 d5 3. Nf3 c5 4. e3 Nf6 5. Ne5 Be7 6. Bb5+ Bd7 7. Nxd7 Nbxd7 8. f4 O-O 9. O-O Ne4 10. d3 Nd6 11.
Bxd7 Qxd7 12. Qg4 f6 13. Nd2 Rf7 14. Rae1 f5 15. Qh3 Bf6 16. Be5 b5 17. Nf3 h6 18. g4 fxg4 19. Qxg4 Nf5 0-1

[Event "Late-Titled-Tuesday-Blitz-December-26-2023"]
[Site "Chess.com"]
[Date "2023.12.26"]
[Round "1"]
[White "MasterofMasters2006"]
[Black "Kaua18"]
[Result "0-1"]
[WhiteElo "2068"]
[BlackElo "2528"]
[TimeControl "180+1"]
[EndTime "14:06:50 PST"]
[Termination "Kaua18 won on time"]

1. d4 Nf6 2. c4 e6 3. Nf3 c5 4. d5 d6 5. Nc3 exd5 6. cxd5 g6 7.
Bf4 Bg7 8. e3 O-O 9. h3 Re8 10.
Be2 a6 11. a4 Qc7 12. O-O Nbd7 13. Rc1 Ne5 14. Bxe5 dxe5 15. e4 Bh6 16. Rc2 Rd8 17.
Nd2 Ne8 18. Nc4 f6 19. a5 Nd6 20. Nb6 Rb8 21. Nca4 Nxe4 22. Nxc5 Nxc5 23. b4 Bf5 24. Rxc5 Qe7 25. Qb3 Kh8 26. Rd1 e4 27. Qc4 e3 28. f3 Qe5 29. d6 Qg3 30. d7 Bf4 0-1

[Event "Late-Titled-Tuesday-Blitz-December-26-2023"]
[Site "Chess.com"]
[Date "2023.12.26"]
[Round "1"]
[White "monalize"]
[Black "SmirnovTimofey2000"]
[Result "1-0"]
[WhiteElo "2524"]
[BlackElo "2014"]
[TimeControl "180+1"]
[EndTime "14:06:50 PST"]
[Termination "monalize won on time"]

1. e4 e5 2. Nf3 Nf6 3. Nc3 Bb4 4. Nxe5 O-O 5. Bd3 Re8 6. Nf3 Bxc3 7. dxc3 Nxe4 8.
O-O d5 9. h3 Nc6 10. Be3 h6 11. Re1 Bf5 12. Nd4 Bh7 13. Nxc6 bxc6 14. Qf3 Rb8 15.
b3 Qf6 16. Bxe4 Bxe4 17. Qxf6 gxf6 18. Bxa7 Ra8 19. Bd4 Bxc2 20. Rec1 Re2 21. Bxf6 Rae8 22. Bd4 f5 23. Be3 Kh7 24. Re1 Rxe1+ 25. Rxe1 f4 26.
Bd2 Ra8 27. Re7+ Kg6 28. Rxc7 Rxa2 29. Rxc6+ Kf5 30. b4 Bb3 31. Bxf4 Kxf4 32. Rxh6 Bc4 33. Rh4+ Kg5 34. Rg4+ Kf5 35. Rg3 Ra1+ 36. Kh2 Ra8 37.
Re3 Ra3 38. h4 Kf6 39. g4 Kg6 40. Kg3 1-0

[Event "Late-Titled-Tuesday-Blitz-December-26-2023"]
[Site "Chess.com"]
[Date "2023.12.26"]
[Round "1"]
[White "gxbg2000"]
[Black "GiorgianBarbosa"]
[Result "0-1"]
[WhiteElo "1989"]
[BlackElo "2515"]
[TimeControl "180+1"]
[EndTime "14:06:51 PST"]
[Termination "GiorgianBarbosa won on time"]

1. e4 c5 2. Nf3 g6 3. d4 cxd4 4. Nxd4 Bg7 5. Be3 Nc6 6. c3 Nf6 7. Bd3 O-O 8. O-O d5 9. Nxc6 bxc6 10. exd5 cxd5 11. Nd2 e5 12. Bc5 Re8 13. Re1 Qc7 14.
Ba3 Bg4 15. f3 Bd7 16. Rc1 Nh5 17. Bf1 Rab8 18. Qc2 Nf4 19. Nb3 a5 20. Nc5 Bf5 21. Qa4 Rec8 22. Na6 Qb6+ 23. Nc5 Rxc5 24. Bxc5 Qxc5+ 25. Kh1 h5 26. Rcd1 h4 27. a3 Rxb2 28.
Qe8+ Qf8 29. Qc6 Qxa3 30. Ra1 Qe7 31. Rxa5 Qg5 32. Qa8+ Kh7 33. Ra2 Nxg2 34. Rxb2 Nxe1 35. Qxd5 Qf4 36. Rf2 e4 37. Qd1 Nxf3 38. Bg2 h3 39. Bxf3 exf3 40. Qg1 Bxc3 41. Qf1 Bg4 42. Rc2 f2 43.
Rxc3 Qf3+ 0-1

[Event "Late-Titled-Tuesday-Blitz-December-26-2023"]
[Site "Chess.com"]
[Date "2023.12.26"]
[Round "1"]
[White "SCIM"]
[Black "powermove"]
[Result "1-0"]
[WhiteElo "2520"]
[BlackElo "2030"]
[TimeControl "180+1"]
[EndTime "14:06:52 PST"]
[Termination "SCIM won on time"]

1. d4 d5 2. c4 c6 3. Nf3 Nf6 4. g3 e6 5. Bg2 Nbd7 6. O-O Bd6 7. Nbd2 O-O 8. Qc2 e5 9. cxd5 Nxd5 10. dxe5 Nxe5 11.
Nxe5 Bxe5 12. Nc4 Bf6 13. a3 Qe7 14. e4 Nb6 15. Be3 Nxc4 16. Qxc4 Bxb2 17. Bc5 Qe6 18. Qb4 Bxa1 19. Bxf8 Bf6 20. Bd6 a5 21. Qc5 Bd7 22. e5 Bd8 23. Rb1 b6 24. Qc2 Rc8 25. h4 c5 26. Bb7 Bc6 27. Bxc8 Qd5 28. f3 Qxf3 29. Qh2 Qe3+ 30. Qf2 Qe4 31. Qf1 Qh1+ 32. Kf2 Qf3+ 33. Ke1 Qe4+ 34. Kd2 1-0

[Event "Late-Titled-Tuesday-Blitz-December-26-2023"]
[Site "Chess.com"]
[Date "2023.12.26"]
[Round "1"]
[White "Flaccidmoves"]
[Black "Alexander_Khlebovich"]
[Result "0-1"]
[WhiteElo "2411"]
[BlackElo "2729"]
[TimeControl "180+1"]
[EndTime "14:06:53 PST"]
[Termination "Alexander_Khlebovich won by checkmate"]

1. c4 c5 2. g3 Nc6 3. Bg2 g6 4. Nf3 Bg7 5. O-O Nf6 6. d4 cxd4 7. Nxd4 O-O 8. Nc3 Ng4 9. e3 d6 10. b3 Nxd4 11. exd4 Nh6 12. Re1 Nf5 13. Ne2 Rb8 14. a4 b6 15. Bb2 Bb7 16. Qd2 Bxg2 17. Kxg2 d5 18. Rad1 dxc4 19. bxc4 Rc8 20. Qb4 Qd6 21. Qb5 Qc6+ 22. Qxc6 Rxc6 23. Rc1 Rfc8 24. g4 Nd6 25. Nf4 Kf8 26. Ba3 Bxd4 27. Rcd1 Bc5 28. Bxc5 Rxc5 29. Nd5 Re8 30. h4 Rxc4 31. f3 Rxa4 32. Rc1 Rd4 33.
Ne3 h5 34. Rc7 hxg4 35. fxg4 a5 36. Rb1 b5 37. Ra7 a4 38. Kf3 Rc8 39. h5 gxh5 40.
gxh5 Rh4 41. Nd5 Rxh5 42. Nxe7 Re8 43. Nc6 Rf5+ 44. Kg4 Re6 45. Nd4 Rg6+ 46. Kh4 Rf4+ 47. Kh5 Rxd4 48. Rxb5 Rd1 49. Rba5 Rh1# 0-1

[Event "Late-Titled-Tuesday-Blitz-December-26-2023"]
[Site "Chess.com"]
[Date "2023.12.26"]
[Round "1"]
[White "FrenchHarvey"]
[Black "jcmesafischer"]
[Result "1-0"]
[WhiteElo "2623"]
[BlackElo "2323"]
[TimeControl "180+1"]
[EndTime "14:06:53 PST"]
[Termination "FrenchHarvey won on time"]

1. e4 c5 2. Nf3 d6 3. Nc3 Nf6 4. d4 cxd4 5. Nxd4 a6 6. Nb3 e5 7. Bg5 Nbd7 8. Bc4 Be7 9. O-O O-O 10. Re1 b5 11. Bxf6 Nxf6 12. Bd5 Nxd5 13. Nxd5 Bb7 14.
a4 bxa4 15. Rxa4 Rc8 16. c4 f5 17. Na5 Ba8 18. Rb4 fxe4 19. Rb6 Bh4 20. g3 Kh8 21. Rxa6 Bg5 22. Rxe4 Rc5 23. Nb3 Bxd5 24. cxd5 Rb5 25. h4 Bh6 26. Qd3 Qb8 27. Ra3 Qb7 28. Re2 Rxd5 29. Qe4 Rd1+ 30. Kg2 Qb5 31. Qf3 Qe8 32. Qg4 e4 33. Qxe4 Qf7 34. Ra8 d5 35. Rxf8+ Qxf8 36. Qe8 Kg8 37. Nc5 Qxe8 38. Rxe8+ Kf7 39. Rd8 Rd2 40. Rd7+ Ke8 41. Rd6 Ke7 42. Ra6 Be3 43. Re6+ Kf7 44. Rxe3 d4 45. Rf3+ Ke7 46. Ne4 Rxb2 47.
Rd3 Rb4 48. Nd2 Ke6 49. Nf3 Kd5 50. Kf1 Ke4 51. Ke2 Rb2+ 52. Nd2+ Kd5 53. Ra3 Rc2 54. Kd3 Rb2 55. Ra5+ Ke6 56. Ne4 Rb3+ 57. Kxd4 Rf3 58. Ng5+ Kd6 59. Nxf3 1-0

[Event "Late-Titled-Tuesday-Blitz-December-26-2023"]
[Site "Chess.com"]
[Date "2023.12.26"]
[Round "1"]
[White "alvarorodriguezavila"]
[Black "sheldons73tshirt"]
[Result "0-1"]
[WhiteElo "2286"]
[BlackElo "2595"]
[TimeControl "180+1"]
[EndTime "14:06:54 PST"]
[Termination "sheldons73tshirt won on time"]

1. e4 e6 2. d4 d5 3. Nc3 Nf6 4. e5 Nfd7 5. Nce2 c5 6. c3 cxd4 7. cxd4 f6 8. f4 fxe5 9. fxe5 Qh4+ 10. Ng3 Bb4+ 11. Ke2 O-O 12. Nf3 Qd8 13. Bg5 Qb6 14. a3 h6 15. axb4 hxg5 16. Nxg5 Nc6 17. Nf3 Qxb4 18.
Qd2 Qb6 19. Ke1 Rxf3 20. gxf3 Nxd4 21. Be2 Nxe5 22. Qd1 Bd7 23. Kf1 Rf8 24. Kg2 Nf5 25. Nxf5 Rxf5 26. Rf1 d4 27. f4 Bc6+ 28. Kg3 d3 29.
fxe5 Qe3+ 30. Bf3 Rg5+ 31. Kh4 Qf4+ 32. Kh3 Rg6 33. Bg4 Rh6+ 34. Bh5 Qg5 35. Qg4 Rxh5+ 36. Kg3 Qe3+ 37. Rf3 Bxf3 38. Qxf3 Rh3+ 0-1

[Event "Late-Titled-Tuesday-Blitz-December-26-2023"]
[Site "Chess.com"]
[Date "2023.12.26"]
[Round "1"]
[White "Balla_Tamas"]
[Black "Rodalquilar"]
[Result "0-1"]
[WhiteElo "2443"]
[BlackElo "2756"]
[TimeControl "180+1"]
[EndTime "14:06:56 PST"]
[Termination "Rodalquilar won by resignation"]

1. e4 d5 2. exd5 Qxd5 3. Nc3 Qa5 4. d4 Nf6 5. Bc4 Bg4 6. f3 Bd7 7. Ne2 e6 8. O-O Be7 9. Bd2 Qb6 10. Bb3 O-O 11. Kh1 Nc6 12. Bg5 Na5 13. Ne4 Nxb3 14.
axb3 Nd5 15. Bxe7 Nxe7 16. N2c3 Rfd8 17. Re1 Bc6 18. Nc5 Nf5 19. N3a4 Qb5 20. c4 Qb4 21. d5 exd5 22. cxd5 Rxd5 23. Qe2 Rxc5 24. Nxc5 Qxc5 25. Rac1 Qf8 26. Qe5 Nd6 27. Qg3 h6 28. Rcd1 Rd8 29. Qh4 Re8 30. Rxe8 Qxe8 31. Re1 Qd7 32. Re7 Qd8 33.
g3 Nf5 34. Re8+ Qxe8 0-1